 Dungeon Crawl Stone Soup version 0.32-a0-711-g016ad743e0 (webtiles) character file.

Game seed: 18071022390082519038

76 javelincjr the Grasshopper (level 4, 0/34 HPs)
             Began as a Demonspawn Warper on Mar 14, 2024.
             Slain by a black bear (6 damage)
             ... on level 4 of the Dungeon on Mar 15, 2024.
             The game lasted 00:07:40 (2372 turns).

javelincjr the Grasshopper (Demonspawn Warper)      Turns: 2372, Time: 00:07:40

Health: 0/34       AC:  7    Str: 13    XL:     4   Next: 12%
Magic:  7/7        EV: 11    Int: 14    God:
Gold:   134        SH:  0    Dex: 20    Spells: 0/7 levels left

rFire   . . .        a - +0 spear
rCold   . . .        (no shield)
rNeg    . . .        b - +0 leather armour
rPois   .            (no helmet)
rElec   .            (no cloak)
rCorr   .            (no gloves)
SInv    .            (no boots)
Will    .....        m - amulet of regeneration
Stlth   ++           t - +6 ring of dexterity
HPRegen 1.05/turn    u - +4 ring of protection
MPRegen 0.20/turn

%: no passive effects
@: no status effects
A: claws 1, thin skeletal structure 1, magic regeneration
a: no special abilities


You were on level 4 of the Dungeon.
You visited 1 branch of the dungeon, and saw 4 of its levels.

You collected 134 gold pieces.

Inventory:

Hand Weapons
 a - a +0 spear (weapon)
Missiles
 d - 7 darts of dispersal (quivered)
Armour
 b - a +0 leather armour (worn)
Jewellery
 m - an amulet of regeneration (around neck)
 t - a +6 ring of dexterity (left claw)
 u - a +4 ring of protection (right claw)
Scrolls
 c - a scroll of blinking
 f - 4 scrolls of identify {unknown}
 g - 2 scrolls of fog {unknown}
 j - 4 scrolls of teleportation {unknown}
 k - a scroll of amnesia {unknown}
 l - 2 scrolls of torment {unknown}
 n - a scroll of fear {unknown}
 q - a scroll of poison {unknown}
 r - a scroll of brand weapon {unknown}
 s - a scroll of enchant armour {unknown}
Potions
 e - a potion of degeneration {unknown}
 h - a potion of enlightenment {unknown}
 i - a potion of resistance {unknown}
 o - 2 potions of lignification {unknown}
 p - a potion of curing {unknown}


   Skills:
 * Level 2.8 Fighting
 + Level 2.3 Polearms
 - Level 0.8 Throwing
 + Level 1.5 Armour
 + Level 2.1 Dodging
 + Level 2.3 Spellcasting
 + Level 3.0 Translocations


You couldn't memorise any spells.
You knew the following spells:

 Your Spells              Type           Power      Damage    Failure   Level
a - Blink                 Tloc           20%        N/A       13%         2
b - Lesser Beckoning      Tloc           20%        N/A       13%         2
c - Teleport Other        Tloc           10%        N/A       26%         3

Your spell library contained the following spells:

 Spells                   Type           Power      Damage    Failure   Level
 Manifold Assault         Tloc           10%        N/A       63%         4
 Vhi's Electric Charge    Tloc/Air       10%        N/A       83%         4


Dungeon Overview and Level Annotations

Branches:
Dungeon (4/15)
 Temple: D:4-7

Altars:

Shops:
D:1 :


Innate Abilities, Weirdness & Mutations

You have sharp fingernails.
You have a somewhat thin skeletal structure. (Dex +2, Stealth+)
You regenerate magic rapidly.


Message History

The black bear is moderately wounded.
The black bear bites you. The black bear barely misses you.
The black bear completely misses you.
You hit the black bear but do no damage.
The black bear is moderately wounded.
The black bear misses you.
The black bear claws you but does no damage.
The black bear closely misses you.
You hit the black bear.
The black bear is heavily wounded.
The black bear bites you. The black bear claws you.
The black bear claws you but does no damage.
You hit the black bear but do no damage.
The black bear is heavily wounded.
The black bear closely misses you. The black bear claws you.
The black bear barely misses you.
You hit the black bear.
The black bear is severely wounded.
The black bear closely misses you.
The black bear claws you but does no damage. x2
You hit the black bear.
The black bear is almost dead.
The black bear bites you. The black bear claws you.
The black bear closely misses you.
You hit the black bear.
The black bear is almost dead.
The black bear goes berserk!
You hit the black bear.
The black bear is almost dead.
The black bear bites you! The black bear closely misses you.
The black bear claws you.
* * * LOW HITPOINT WARNING * * *
The black bear bites you.
* * * LOW HITPOINT WARNING * * *
The black bear barely misses you. The black bear claws you.
* * * LOW HITPOINT WARNING * * *
You hit the black bear but do no damage.
The black bear is almost dead.
The black bear bites you.
You die...

..........#.....#
................#
....####........#
...##...........#
...##...........######
.....................#
#..................#.#.
........h..............
......†.@....##..).....
..............#........
#....#....#..###..#....
.#...##..##### ### ...
#.. #### .. #.. . #


You could see a black bear (berserk).

Vanquished Creatures
  2 adders (D:2)
  A gnoll (D:1)
  2 dart slugs
  3 bats
  7 endoplasms
  3 giant cockroaches (D:2)
  6 hobgoblins
  4 quokkas
  4 ball pythons
  3 frilled lizards
  5 kobolds
40 creatures vanquished.

Notes
Turn   | Place    | Note
-------+----------+-------------------------------------------
     0 | D:1      | javelincjr the Demonspawn Warper began the quest for the
                  | Orb.
     0 | D:1      | Reached XP level 1. HP: 16/16 MP: 3/3
   131 | D:1      | Reached skill level 1 in Armour
   203 | D:1      | Found Ykereg's Book Emporium.
   233 | D:1      | Gained mutation: You have sharp fingernails. [demonic
                  | ancestry]
   233 | D:1      | Reached XP level 2. HP: 22/22 MP: 5/5
   563 | D:1      | Learned a level 2 spell: Blink
   566 | D:1      | Learned a level 2 spell: Lesser Beckoning
   791 | D:2      | Gained mutation: You regenerate magic rapidly. [demonic
                  | ancestry]
   791 | D:2      | Reached XP level 3. HP: 28/28 MP: 6/6
  1035 | D:2      | Reached skill level 3 in Translocations
  1615 | D:3      | Upgraded the game from 0.32-a0-705-g60f233581c to
                  | 0.32-a0-711-g016ad743e0
  1731 | D:3      | Gained mutation: You have a somewhat thin skeletal
                  | structure. (Dex +2, Stealth+) [demonic ancestry]
  1731 | D:3      | Reached XP level 4. HP: 34/34 MP: 7/7
  1821 | D:3      | Learned a level 3 spell: Teleport Other
  2342 | D:4      | Noticed a black bear
  2372 | D:4      | Slain by a black bear

Illustrated notes

Levels and vault maps discovered:
D:1:      reono_arrival_mine, layout_rooms, serial_shops, shop,
          minmay_pentomino_q2
D:2:      layout_loops_corners, amcnicky_mini_pool_small
D:3:      layout_basic
D:4:      cheibrodos_helix_gallery, layout_cave_pools,
          minmay_temple_entry_enclosed_plants, grunt_ministairs_14,
          minmay_shop_grid_forest, minmay_misc_feat_secret_circle,
          uniq_eustachio

Skill      XL: |  1  2  3 |
---------------+----------+-----
Armour         | 1 |  1.5
Polearms       | 2 |  2.3
Translocations | 3 |  3.0
Dodging        | 2 |  2.1
Fighting       | |  2.8
Throwing       | |  0.8
Spellcasting   | |  2.3

Action                     |  1- 3 |  4- 6 || total
---------------------------+-------+-------++-------
  Melee: Spear             |   143 |    28 ||   171
   Stab: Sleeping          |     2 |     3 ||     5
 Armour: Leather armour    |    59 |    23 ||    82
  Dodge: Dodged            |    63 |    18 ||    81

Table legend: (Time is in decaauts)
 A = Elapsed time spent in this place.
 B = Non-inter-level travel time spent in this place.
 C = Inter-level travel time spent in this place.
 D = Time resting spent in this place.
 E = Time spent auto-exploring this place.
 F = Levels seen in this place.
 G = Mean time per level.
                   A        B        C        D        E       F      G
               +--------+--------+--------+--------+--------+-----+--------+
         Total |   2369 |   2306 |     63 |     97 |   1872 |   4 |  592.2 |
       Dungeon |   2369 |   2306 |     63 |     97 |   1872 |   4 |  592.2 |
               +--------+--------+--------+--------+--------+-----+--------+

Top non-repeatable levels by time:
     D:2: 1027 daAuts
     D:3: 693 daAuts
     D:1: 587 daAuts
     D:4: 61 daAuts
